AoeStats
← PVC

African Clearing

504848608Analyzed
4v4 RM · 25d ago on Sep 6, 2026· 47m 30s· 8 players
Game mode
Random Map
Map size
Large (8 player)
Population
200
Speed
Normal
Resources
Standard
Victory
Conquest
Starting age
Dark Age
Ending age
Imperial Age
RankedLock teamsTeams togetherTeam positionsShared explorationLock speedFull tech treeHidden civsTurbo modeCheats
Victory
Defeat
🇦🇷 Tatars · Argentina
1346
+14
🇺🇸 Koreans · United States
1325
+15
🇧🇷 Franks · Brazil
1303
+16
🇧🇷 Huns · Brazil
1303
+16
🇫🇮 Vietnamese · Finland
1342
-18
🇩🇪 Berbers · Germany
1294
-15
🇫🇷 Cumans · France
1282
-14
🇩🇪 Goths · Germany
1281
-14
GamerDad
4:47 Loom
14:35 Feudal Age
15:11 Double-Bit Axe
18:10 Town Watch
22:58 Castle Age
21:35 Fletching
21:52 Padded Archer Armor
24:07 Wheelbarrow
23:15 Horse Collar
24:46 Forging
38:11 Heavy Plow
39:40 Gold Mining
43:17 Hand Cart
43:04 Town Patrol
42:30 Pikeman
43:48 Ballistics
47:05 Imperial Age
45:29 Thumb Ring
45:43 Leather Archer Armor
46:56 Masonry
47:19 Elite Genitour
Sahraoui
3:14 Loom
12:56 Feudal Age
14:51 Double-Bit Axe
17:31 Wheelbarrow
18:56 Castle Age
18:39 Scale Barding Armor
18:18 Horse Collar
25:41 Forging
25:39 Pikeman
26:19 Squires
27:00 Bloodlines
27:39 Chain Barding Armor
28:44 Iron Casting
32:40 Capped Ram
40:28 Imperial Age
37:51 Man-at-Arms
39:55 Fletching
40:05 Padded Archer Armor
40:36 Scale Mail Armor
41:20 Steppe Husbandry
41:29 Thumb Ring
42:16 Light Cavalry
43:33 Bow Saw
44:26 Hussar
46:13 Blast Furnace
45:48 Plate Barding Armor
45:08 Bodkin Arrow
45:42 Elite Kipchak
46:41 Leather Archer Armor
PVC
4:05 Loom
8:46 Loom
13:56 Feudal Age
15:34 Town Watch
18:13 Fletching
18:26 Padded Archer Armor
19:31 Wheelbarrow
26:29 Scale Mail Armor
28:05 Horse Collar
33:34 Castle Age
33:36 Pikeman
34:17 Squires
34:30 Forging
37:50 Chain Mail Armor
37:33 Bodkin Arrow
39:54 Hand Cart
40:01 Chain Mail Armor
39:46 Gold Mining
42:35 Double-Bit Axe
46:14 Imperial Age
44:02 Hand Cart
43:49 Town Patrol
44:13 Murder Holes
44:39 Ballistics
45:20 Bow Saw
45:49 Iron Casting
45:17 Heavy Plow
45:53 Coinage
45:28 Caravan
46:50 Masonry
Sunday x Junior
5:02 Loom
5:08 Loom
12:50 Feudal Age
14:02 Double-Bit Axe
16:58 Castle Age
15:59 Fletching
17:53 Bow Saw
19:23 Ballistics
19:39 Bodkin Arrow
21:24 Padded Archer Armor
24:11 Leather Archer Armor
43:54 Town Watch
That1AsianGuy
7:34 Loom
15:03 Feudal Age
16:27 Town Watch
18:54 Castle Age
16:50 Double-Bit Axe
17:52 Gold Mining
18:06 Stone Mining
20:07 Wheelbarrow
21:09 Bow Saw
25:09 Horse Collar
27:06 Squires
27:23 Scale Mail Armor
29:45 Chain Mail Armor
29:23 Gambesons
30:42 Fletching
30:52 Murder Holes
31:19 Ballistics
32:44 Arson
33:13 Forging
34:18 Hand Cart
34:12 Heavy Plow
35:18 Pikeman
36:00 Bodkin Arrow
36:53 Eupseong
42:53 Imperial Age
41:47 Iron Casting
43:33 Elite Fire Lancer
44:45 Plate Mail Armor
44:16 Bracer
43:55 Halberdier
44:23 Treadmill Crane
45:44 Chemistry
44:29 Arrowslits
44:56 Masonry
45:59 Conscription
JVM
12:27 Loom
14:22 Feudal Age
18:57 Castle Age
16:54 Double-Bit Axe
16:51 Horse Collar
19:41 Scale Barding Armor
19:52 Bow Saw
22:11 Chain Barding Armor
22:27 Chain Barding Armor
26:29 Forging
28:22 Bloodlines
30:00 Husbandry
29:57 Town Watch
30:58 Wheelbarrow
33:44 Fletching
35:17 Bodkin Arrow
35:44 Ballistics
38:00 Padded Archer Armor
38:57 Heavy Plow
39:52 Hand Cart
39:47 Gold Mining
39:48 Stone Mining
40:22 Silk Armor
46:19 Imperial Age
44:06 Leather Archer Armor
47:19 Coinage
47:23 Conscription
47:04 Bracer
48:07 Chemistry
46:32 Heavy Cavalry Archer
Uhtred_of_Bebbamburg
8:07 Loom
10:11 Loom
13:11 Feudal Age
14:37 Double-Bit Axe
17:31 Castle Age
16:29 Scale Barding Armor
19:40 Husbandry
25:55 Chain Barding Armor
26:44 Forging
29:08 Iron Casting
29:22 Wheelbarrow
28:34 Town Watch
31:29 Hand Cart
37:55 Imperial Age
37:38 Bow Saw
38:19 Gold Mining
37:57 Cavalier
39:26 Plate Barding Armor
39:52 Blast Furnace
39:18 Bow Saw
39:09 Paladin
41:09 Coinage
41:56 Chivalry
J4cK
2:58 Loom
12:07 Feudal Age
20:08 Castle Age
18:56 Stone Mining
19:00 Gold Mining
26:56 Scale Barding Armor
37:25 Murder Holes
Connection lost

Rejoining the realm…

Still unreachable

The connection could not be restored.

Session expired

The server has moved on; the page needs a fresh start.